 Dungeon Crawl Stone Soup version 0.16.2-12-gd0ad4c3 (webtiles) character file.

1474 Iskender the Insei (level 8, -2/60 HPs)
             Began as a Demonspawn Wanderer on Sept 17, 2015.
             Was an Initiate of Gozag.
             Slain by a giant frog (9 damage)
             ... on level 6 of the Dungeon.
             The game lasted 01:05:56 (7121 turns).

Iskender the Insei (Demonspawn Wanderer)            Turns: 7121, Time: 01:05:56

Health: -2/60      AC:  1    Str: 13    XL:     8   Next: 49%
Magic:  3/9        EV: 10    Int: 13    God:    Gozag
Gold:   634        SH:  0    Dex: 17    Spells: 3 memorised, 4 levels left

rFire  . . .     SeeInvis .     J - -2 blowgun (curse)
rCold  . . .     Clarity  .     Q - +0 leather armour (curse)
rNeg   + . .     SustAb   .     (no shield)
rPois  .         Gourm    .     (no helmet)
rElec  .         Spirit   .     (no cloak)
rCorr  .         Warding  +     (no gloves)
rMut   .         Stasis   .     (no boots)
MR     +....                    m - amulet of warding
Stlth  +.........               s - ring of protection from magic
                                A - +2 ring of intelligence

@: very slightly contaminated, somewhat resistant to hostile enchantments, very
unstealthy
A: claws 2, deformed body, low mp 1, powered by pain 1, regeneration 1
a: Potion Petition, Call Merchant, Bribe Branch, Renounce Religion


You were on level 6 of the Dungeon.
You worshipped Gozag.
Gozag was noncommittal.
You were not hungry.

You visited 2 branches of the dungeon, and saw 7 of its levels.
You also visited: Sewer.

You collected 755 gold pieces.
You paid 121 gold pieces to Gozag.

Inventory:

Hand weapons
 b - a +0 hunting sling
 J - a cursed -2 blowgun (weapon)
 K - a +1 whip of electrocution
 L - a +0 shortbow
Missiles
 o - a tomahawk (quivered)
 p - 9 poisoned needles
 r - 46 arrows
 v - 126 stones
 w - 20 bolts
 P - 37 sling bullets
Armour
 d - a +0 robe
 j - a +0 leather armour
 M - a +0 pair of gloves
 Q - a cursed +0 leather armour (worn)
Magical staves
 y - an uncursed staff of death {unknown}
Jewellery
 l - an uncursed amulet of resist mutation
 m - an amulet of warding (around neck)
 s - a ring of protection from magic (right claw)
 A - a +2 ring of intelligence (left claw)
Magical devices
 h - a wand of fire (0)
 O - a wand of hasting (5)
 R - a wand of digging (13)
Scrolls
 g - 2 scrolls of enchant weapon
 q - 2 scrolls of identify
 t - a scroll of immolation
 u - 3 scrolls of enchant armour
 B - 5 scrolls of teleportation
 N - 3 scrolls of blinking
Potions
 c - 2 potions of curing
 e - 2 potions of might {unknown}
 z - a potion of haste
 C - a potion of flight {unknown}
 D - a potion of cure mutation
 F - a potion of agility {unknown}
 H - a potion of restore abilities {unknown}
 I - a potion of degeneration {unknown}
Books
 a - a book of Spatial Translocations

   Spells                             Type                      Level
   a - Apportation                    Translocation                1
   b - Blink                          Translocation                2
   c - Shroud of Golubria             Charms/Translocation         2
   d - Portal Projectile              Translocation                3
   e - Teleport Other                 Translocation                3
   f - Passage of Golubria            Translocation                4
 n - a book of Unlife

   Spells                             Type                      Level
   a - Recall                         Summoning/Translocation      3
   b - Animate Dead                   Necromancy                   4
   c - Control Undead                 Necromancy                   4
   d - Cigotuvi's Embrace             Necromancy                   5
   e - Death Channel                  Necromancy                   6
   f - Simulacrum                     Ice/Necromancy               6
Miscellaneous
 G - a lamp of fire (inert)
Comestibles
 f - 2 bread rations
 x - 2 meat rations
 E - 2 beef jerkies
 S - 2 royal jellies


   Skills:
 - Level 4.0 Fighting
 - Level 0.1 Maces & Flails
   Level 1.0 Polearms
 + Level 5.5 Throwing
   Level 1.0 Shields
 - Level 6.7 Unarmed Combat
 - Level 1.0 Spellcasting
 - Level 2.0 Charms
 - Level 2.0 Translocations
   Level 1.0 Fire Magic
 - Level 2.4 Evocations


You had 4 spell levels left.
You knew the following spells:

 Your Spells              Type           Power        Failure   Level  Hunger
g - Shroud of Golubria    Chrm/Tloc      #.........   28%         2    ###....
v - Blink                 Tloc           N/A          28%         2    ###....
A - Apportation           Tloc           #.........   17%         1    ##.....


Dungeon Overview and Level Annotations

Branches:
Dungeon (6/15)             Temple (1/1) D:5

Altars:
Dithmenos
Fedhas
Gozag
Kikubaaqudgha
Makhleb
Ru
Sif Muna
Trog
Vehumet
Xom
Yredelemnul
Zin

Annotations:
D:3 Grinder


Innate Abilities, Weirdness & Mutations

You have very sharp fingernails.
You sometimes gain a little power by taking damage.
Armour fits poorly on your strangely shaped body.
Your magical capacity is low (-10% MP).
Your natural rate of healing is unusually fast.


Message History

Confirm with . or Enter, or press ? or * to list all spells.
You miscast Blink.
You are very lightly contaminated with residual magic.
Nothing appears to happen.
The giant frog closely misses you.
Casting: Blink
Confirm with . or Enter, or press ? or * to list all spells.
You miscast Blink.
The air around you crackles with energy!
The giant frog hits you.
* * * LOW HITPOINT WARNING * * *
The giant frog hits you.
* * * LOW HITPOINT WARNING * * *
Drink which item? (? for menu, Esc to quit)
You feel better. The giant frog hits you.
* * * LOW HITPOINT WARNING * * *
Casting: Blink
Confirm with . or Enter, or press ? or * to list all spells.
You miscast Blink.
Your skin tingles.
The giant frog hits you!
You die...
Your body crumbles into a pile of gold.

... #.#####. . #...... ...# ##
###.(...# #.##.# # #(...... # #.#
# #......### #.# # ...#(.......
#.# # ...#(.....# #.# #
#..#.(....##### #.# # # ###
#....(.@......# #.# # .## ##.#
#...##.F#.###.# #.###### ..#
#..###..###..#.# #.###.......
..###..##..........# #.#.........
#..#..##...........###......#####
............(............#.## #
...####............####.##.######
.<.....>......#.(.## #..........
...####.......##### ###########


You could see a giant frog.

Vanquished Creatures
  An ice beast (D:5)
  A black bear (D:6)
  A water moccasin (D:6)
  2 ogres
  A centaur (D:6)
  A giant frog (D:6)
  A scorpion (D:4)
  A crimson imp (D:5)
  4 orc priests
  4 hounds
  2 orc wizards (D:4)
  An iguana (D:4)
  4 worker ants
  Ijyb (D:3)
  2 gnolls (D:2)
  10 adders
  4 giant mites
  A shadow imp (D:5)
  3 worms
  4 giant geckos
  2 oozes (D:2)
  16 orcs
  A ball python (D:6)
  9 bats
  A bat zombie (D:6)
  8 giant cockroaches
  10 goblins
  9 hobgoblins
  A quokka (D:4)
  2 giant newts
  6 jackals
  19 kobolds
  18 rats
151 creatures vanquished.

Vanquished Creatures (collateral kills)
  Purgy (Sewer)
1 creature vanquished.

Grand Total: 152 creatures vanquished

Notes
Turn   | Place    | Note
--------------------------------------------------------------
     0 | D:1      | Iskender, the Demonspawn Wanderer, began the quest for the Orb.
     0 | D:1      | Iskender set off with: a book of Spatial Translocations, a scroll of teleportation, a potion of curing, a +0 robe, a +0 club, a bread ration
     0 | D:1      | Reached XP level 1. HP: 19/19 MP: 2/2
   502 | D:1      | Reached skill level 1 in Throwing
   590 | D:1      | Gained mutation: You have sharp fingernails. [demonic ancestry]
   590 | D:1      | Reached XP level 2. HP: 23/25 MP: 3/3
   950 | D:1      | Learned a level 2 spell: Blink
  1125 | D:2      | Gained mutation: You have very sharp fingernails. [demonic ancestry]
  1125 | D:2      | Reached XP level 3. HP: 10/30 MP: 4/4
  1309 | D:1      | Learned a level 2 spell: Shroud of Golubria
  1457 | D:2      | Reached skill level 1 in Unarmed Combat
  1843 | D:2      | Reached XP level 4. HP: 22/37 MP: 5/5
  2241 | D:3      | Noticed Grinder
  2290 | D:2      | Reached skill level 1 in Charms
  2392 | D:2      | Found a shimmering altar of Xom.
  2494 | D:3      | Noticed Ijyb
  2505 | D:3      | Killed Ijyb
  2633 | D:3      | Reached XP level 5. HP: 7/42 MP: 2/7
  2649 | D:3      | HP: 3/63 [poisoned by an adder]
  2657 | D:3      | HP: 3/63 [poisoned by an adder]
  3278 | D:3      | Learned a level 1 spell: Apportation
  3561 | D:3      | Noticed an orc warrior
  3907 | D:4      | Reached XP level 6. HP: 35/48 MP: 6/8
  4587 | D:4      | Found an opulent altar of Gozag.
  4617 | D:4      | Became a worshipper of Gozag Ym Sagoz the Greedy
  4637 | D:4      | Found a burning altar of Makhleb.
  4639 | D:4      | Found a glowing silver altar of Zin.
  4642 | D:4      | Noticed a blizzard demon
  4643 | D:4      | Noticed an angel
  4736 | D:5      | Entered Level 5 of the Dungeon
  4860 | D:4      | Reached skill level 5 in Unarmed Combat
  4860 | D:4      | Gained mutation: You sometimes gain a little power by taking damage. [demonic ancestry]
  4860 | D:4      | Reached XP level 7. HP: 39/54 MP: 6/9
  4913 | D:5      | Found a staircase to the Ecumenical Temple.
  4927 | Temple   | Entered the Ecumenical Temple
  5906 | D:6      | Reached skill level 6 in Unarmed Combat
  6085 | D:6      | Reached XP level 8. HP: 57/60 MP: 10/10
  6183 | D:6      | Found a glowing drain.
  6187 | Sewer    | Entered a sewer
  6327 | Sewer    | Noticed Purgy
  6343 | Sewer    | Killed Purgy
  6750 | D:6      | Reached skill level 5 in Throwing
  6764 | D:6      | Gained mutation: Your natural rate of healing is unusually fast. [potion of mutation]
  6764 | D:6      | Gained mutation: Armour fits poorly on your strangely shaped body. [potion of mutation]
  6764 | D:6      | Gained mutation: Your magical capacity is low (-10% MP). [potion of mutation]
  7119 | D:6      | HP: 1/60 [giant frog (3)]
  7121 | D:6      | Slain by a giant frog

Action                   |  1- 3 |  4- 6 |  7- 9 || total
-------------------------+-------+-------+-------++-------
Melee: Club              |    73 |       |       ||    73
       Unarmed           |    58 |   224 |   135 ||   417
 Fire: Hunting sling     |    14 |    43 |    20 ||    77
       Blowgun           |       |       |    11 ||    11
Throw: Stone             |     7 |     8 |    44 ||    59
       Javelin           |       |     4 |     4 ||     8
       Throwing net      |       |     1 |       ||     1
       Tomahawk          |       |    12 |    23 ||    35
 Cast: Shroud of Golubri |       |     7 |     2 ||     9
       Blink             |       |     1 |     4 ||     5
       Apportation       |       |       |     1 ||     1
Invok: Potion Petition   |       |       |     1 ||     1
Evoke: Wand              |       |       |     3 ||     3
       Lamp of fire      |       |       |     1 ||     1
  Use: Potion            |     1 |     1 |     2 ||     4
       Scroll            |     2 |     6 |     4 ||    12
 Stab: Sleeping          |     1 |       |     3 ||     4
       Held in net/web   |       |     1 |       ||     1
  Eat: Chunk             |     3 |     6 |       ||     9
       Bread ration      |       |     1 |     2 ||     3
